 Dungeon Crawl Stone Soup version 0.27-a0-416-gca2cecf3c0 (webtiles) character file.

Game seed: 3173198147920404269

3 Morbidden the Stinger (level 1, 0/13 HPs)
             Began as a Demonspawn Venom Mage on Feb 25, 2021.
             Slain by a giant cockroach (2 damage)
             ... on level 1 of the Dungeon.
             The game lasted 00:00:24 (53 turns).

Morbidden the Stinger (Demonspawn Venom Mage)         Turns: 53, Time: 00:00:24

Health: 0/13       AC:  2    Str:  8    XL:     1   Next: 41%
Magic:  1/3        EV: 12    Int: 16    God:
Gold:   0          SH:  0    Dex: 13    Spells: 3/4 levels left

rFire    . . .     SeeInvis .   (no weapon)
rCold    . . .     Faith    .   (no shield)
rNeg     . . .     Spirit   .   a - +0 robe
rPois    .         Reflect  .   (no helmet)
rElec    .         Harm     .   (no cloak)
rCorr    .         Rampage  .   (no gloves)
Will     .....                  (no boots)
Stlth    ++........             (no amulet)
HPRegen  0.04/turn              (no ring)
MPRegen  0.08/turn              (no ring)

@: no status effects
A: no striking features
a: no special abilities


You were on level 1 of the Dungeon.
You visited 1 branch of the dungeon, and saw 1 of its levels.

Inventory:

Armour
 a - a +0 robe (worn)


   Skills:
 * Level 0.2 Fighting
 + Level 1.7 Dodging
 + Level 1.7 Stealth
 * Level 2.0 Spellcasting
 + Level 0.8 Transmutations
 * Level 3.2 Poison Magic


You had 3 spell levels left.
You knew the following spells:

 Your Spells              Type           Power        Failure   Level
a - Sting                 Tmut/Pois      32%          9%          1

Your spell library contained the following spells:

 Spells                   Type           Power        Failure   Level
 Poisonous Vapours        Pois/Air       12%          16%         2
 Ignite Poison            Fire/Tmut/Pois 5%           34%         3
 Mephitic Cloud           Conj/Pois/Air  5%           38%         3
 Olgreb's Toxic Radiance  Pois           11%          50%         4


Dungeon Overview and Level Annotations

Branches:
Dungeon (1/15)

Altars:


Message History

Confirm with . or Enter, or press ? or * to list all spells.
Aiming: Sting (safe; 10% risk of failure)
Press: ? - help, Shift-Dir - straight line, f/p - jackal
Aim: a jackal (40% to evade)
The sting hits the jackal but does no damage.
The jackal is poisoned.
The jackal bites you. The giant cockroach misses you.
Unknown command.
Unknown command.
You barely miss the jackal.
The jackal is heavily wounded.
The jackal misses you. The giant cockroach barely misses you.
The jackal closely misses you.
You hit the jackal but do no damage.
The jackal is heavily wounded.
The giant cockroach closely misses you. The jackal closely misses you.
You hit the jackal but do no damage.
The jackal is almost dead.
The giant cockroach closely misses you.
The jackal bites you but does no damage.
The giant cockroach misses you.
Unknown command.
You hit the jackal but do no damage.
The jackal is almost dead.
The jackal bites you.
* * * LOW HITPOINT WARNING * * *
The jackal bites you but does no damage.
The giant cockroach bites you.
* * * LOW HITPOINT WARNING * * *
You closely miss the jackal.
The jackal is almost dead.
You kill the jackal!
The giant cockroach bites you but does no damage.
Your magical contamination has completely faded away.
The giant cockroach waves its antennae.
You see here a jackal corpse.
Unknown command.
You hit the giant cockroach but do no damage.
The giant cockroach is severely wounded.
The giant cockroach bites you.
You die...

... #h##
#..#
###h###
#.....##
#.#8≈8#.#
# #≈≈≈#h#
#8≈8#B# #
#≈≈≈#@#
#.#8≈8#.#
#.....##
##.<.##
#####


You could see a jackal and a giant cockroach.

Vanquished Creatures
  A hobgoblin (D:1)
  A jackal (D:1)
  A bat (D:1)
3 creatures vanquished.

Notes
Turn   | Place    | Note
-------+----------+-------------------------------------------
     0 | D:1      | Morbidden the Demonspawn Venom Mage began the quest for the
                  | Orb.
     0 | D:1      | Reached XP level 1. HP: 13/13 MP: 3/3
    53 | D:1      | Slain by a giant cockroach

Illustrated notes

Levels and vault maps discovered:
D:1:      lightli_arrival_statue_moat, layout_basic, lemuel_another_geyser

Action                   || total
-------------------------++-------
Melee: Unarmed           ||    30
 Cast: Sting             ||     3
Armor: Robe              ||    17
Dodge: Dodged            ||    31

Table legend: (Time is in decaauts)
 A = Elapsed time spent in this place.
 B = Non-inter-level travel time spent in this place.
 C = Inter-level travel time spent in this place.
 D = Time resting spent in this place.
 E = Time spent auto-exploring this place.
 F = Levels seen in this place.
 G = Mean time per level.
                   A        B        C        D        E       F      G
               +--------+--------+--------+--------+--------+-----+--------+
         Total |     53 |     53 |      0 |      0 |      9 |   1 |   53.0 |
       Dungeon |     53 |     53 |      0 |      0 |      9 |   1 |   53.0 |
               +--------+--------+--------+--------+--------+-----+--------+

Top non-repeatable levels by time:
     D:1: 53 daAuts
